 Dungeon Crawl Stone Soup version 0.30.1 (webtiles) character file.

Game seed: 11404247019156479900

42 Graphine the Covered (level 3, -2/33 HPs)
             Began as an Armataur Fighter on July 7, 2023.
             Succumbed to an adder's poison
             ... on level 2 of the Dungeon.
             The game lasted 00:01:55 (827 turns).

Graphine the Covered (Armataur Fighter)              Turns: 827, Time: 00:01:56

Health: -2/33      AC:  7    Str: 23    XL:     3   Next: 35%
Magic:  3/3        EV:  7    Int:  8    God:
Gold:   73         SH:  4    Dex:  9    Spells: 2/2 levels left

rFire   . . .        a - +0 flail
rCold   . . .        c - +0 buckler
rNeg    . . .        b - +0 scale mail
rPois   .            (no helmet)
rElec   .            (no cloak)
rCorr   .            (no gloves)
SInv    .            (no barding)
Will    .....        (no amulet) Stlth
                     (no ring)
HPRegen 0.25/turn    (no ring)
MPRegen 0.08/turn

%: roll
@: lethally poisoned (-2 -> -15)
A: large, rugged brown scales 3, deformed body, armoured tail, roll, long
tongue, awkward tongue
a: no special abilities


You were on level 2 of the Dungeon.
You visited 1 branch of the dungeon, and saw 2 of its levels.

You collected 73 gold pieces.

Inventory:

Hand Weapons
 a - a +0 flail (weapon)
Missiles
 e - 5 silver boomerangs (quivered)
Armour
 b - a +0 scale mail (worn)
 c - a +0 buckler (worn)
Jewellery
 i - a ring of fire
Potions
 d - 2 potions of might
 f - a potion of cancellation


   Skills:
 + Level 3.1 Fighting
 + Level 2.3 Maces & Flails
 + Level 4.1 Armour
 + Level 3.7 Shields


You had 2 spell levels left.
You didn't know any spells.
Your spell library contained the following spells:

 Spells                   Type           Power      Damage    Failure   Level
 Sting                    Tmut/Pois      0%         1d3       78%         1
 Poisonous Vapours        Pois/Air       0%         N/A       89%         2
 Olgreb's Toxic Radiance  Pois           0%         N/A       100%        4


Dungeon Overview and Level Annotations

Branches:
Dungeon (2/15)

Altars:


Innate Abilities, Weirdness & Mutations

You are completely covered in rugged brown scales. (AC +3, +7% HP)
Armour fits poorly on your strangely shaped body.
You have a long armoured tail.
You roll when moving toward enemies. (Rampage)
Your long tongue fully drains potion bottles. (2x potion effects)
Your tongue gives you trouble enunciating. (1.5x scroll delay)


Message History

You closely miss the adder.
The adder is heavily wounded.
You feel sick. The adder bites you. The adder bites you but does no damage.
You barely miss the adder.
The adder is heavily wounded.
You feel sick. The adder bites you.
You are more poisoned.
The adder poisons you!
You barely miss the adder.
The adder is heavily wounded.
You feel very sick. The adder bites you but does no damage.
The adder bites you.
You are more poisoned.
The adder poisons you!
You closely miss the adder.
The adder is heavily wounded.
You feel very sick. The adder bites you. x2
You are lethally poisoned!
The adder poisons you!
You are too injured to fight recklessly!
Okay, then.
You aren't carrying any scrolls.
Okay, then.
You barely miss the adder.
The adder is heavily wounded.
* * * LOW HITPOINT WARNING * * *
You feel very sick. The adder bites you.
* * * LOW HITPOINT WARNING * * *
You are more poisoned.
The adder poisons you!
You closely miss the adder.
Your tail-slap misses the adder.
The adder is heavily wounded.
* * * LOW HITPOINT WARNING * * *
You feel very sick. You block the adder's attack.
The adder bites you but does no damage.
You sock the adder!
You kill the adder!
You die...

##.....####
##.........#.###
................ .. ##
#.......##(#### .. #..
##.....## .##.# #....##
.#.# ###...## ##..#
#......# ##.#####...######
#......#.......†@.#.....=.
#####..#.##.#####...#
_#..#..#.##.# ##.##
.#..#.......# #.#
~.....P.##### #.#
.P..P...# #.# ~.⌠.....#
#.# P~..P.P.# #[#
.P..PP.## #[#


There were no monsters in sight!

Vanquished Creatures
  2 adders (D:2)
  A dart slug (D:1)
  3 ball pythons (D:1)
  5 endoplasms
  3 giant cockroaches (D:1)
  4 goblins (D:1)
  2 kobolds (D:1)
  A quokka (D:1)
  3 bats (D:1)
  3 frilled lizards (D:1)
  2 rats (D:1)
29 creatures vanquished.

Notes
Turn   | Place    | Note
-------+----------+-------------------------------------------
     0 | D:1      | Graphine the Armataur Fighter began the quest for the Orb.
     0 | D:1      | Reached XP level 1. HP: 19/19 MP: 1/1
   130 | D:1      | Reached XP level 2. HP: 20/26 MP: 2/2
   309 | D:1      | Reached skill level 4 in Armour
   568 | D:1      | Reached XP level 3. HP: 28/33 MP: 3/3
   753 | D:2      | Found a faded altar of an unknown god.
   827 | D:2      | Succumbed to an adder's poison

Illustrated notes

Levels and vault maps discovered:
D:1:      dpeg_arrival_tiny_h, layout_basic,
          nicolae_concentric_dashed_squares_wild
D:2:      layout_loops_ring, basic_altar,
          shapermc_ecumenical_altar_mp_ritualfount, minmay_diced_spiral,
          uniq_natasha

Skill      XL: |  1  2 |
---------------+-------+-----
Maces & Flails | 2 |  2.3
Fighting       | 3 |  3.1
Armour         | 4 |  4.1
Shields        | |  3.7

Action                     || total
---------------------------++-------
  Melee: Flail             ||    93
         Tailslap          ||     4
    Use: Scroll            ||     4
 Armour: Scale mail        ||    64
  Dodge: Dodged            ||    34
  Block: Buckler           ||    17
